 Dungeon Crawl Stone Soup version 0.25.0-9-g26727b657a (webtiles) character file.

Game seed: 14852800154220597375

318 ANON1729 the Skirmisher (level 6, -5/52 HPs)
             Began as a Centaur Abyssal Knight on June 19, 2020.
             Was an Initiate of Okawaru.
             Slain by a small abomination (21 damage)
             ... created by the touch of Lugonu
             ... on level 4 of the Dungeon.
             The game lasted 00:11:33 (6911 turns).

ANON1729 the Skirmisher (Centaur Abyssal Knight)    Turns: 6911, Time: 00:11:34

Health: -5/52      AC:  4    Str: 16    XL:     6   Next: 21%
Magic:  17/17      EV:  9    Int: 11    God:    Okawaru [......]
Gold:   246        SH:  0    Dex:  9    Spells: 5/5 levels left

rFire    + . .     SeeInvis .   a - +1 hand axe
rCold    x . .     Gourm    .   (no shield)
rNeg     . . .     Faith    .   b - +0 leather armour
rPois    .         Spirit   .   (no helmet)
rElec    .         Reflect  .   (no cloak)
rCorr    .         Harm     .   (no gloves)
MR       .....                  (no barding)
Stlth    ..........             (no amulet)
HPRegen  0.17/turn              n - ring of magical power
MPRegen  0.15/turn              s - ring of fire

@: very quick
A: large, hooves 3, blurry vision 1, deformed body, speed 2, tough skin 3
a: Renounce Religion


You were on level 4 of the Dungeon.
You worshipped Okawaru.
Okawaru was noncommittal.
You were not hungry.

You visited 2 branches of the dungeon, and saw 5 of its levels.
You visited the Abyss 1 time.

You collected 246 gold pieces.

Inventory:

Hand Weapons
 a - a +1 hand axe (weapon)
Missiles
 e - 24 arrows
 i - 50 bolts
 j - 128 stones
 r - 29 poisoned darts (quivered)
 x - 9 sling bullets
Armour
 b - a +0 leather armour (worn)
 p - a +0 ring mail
Jewellery
 n - a ring of magical power (left hand)
 s - a ring of fire (right hand)
Scrolls
 d - 4 scrolls of remove curse {unknown}
 f - 3 scrolls of teleportation {unknown}
 g - a scroll of summoning {unknown}
 l - a scroll of noise {unknown}
 m - 2 scrolls of magic mapping {unknown}
 o - 6 scrolls of identify {unknown}
 y - a scroll of immolation {unknown}
Potions
 h - 2 potions of curing
 k - 2 potions of lignification {unknown}
 q - a potion of invisibility {unknown}
 t - 2 potions of brilliance {unknown}
 u - a potion of magic {unknown}
 w - a potion of stabbing {unknown}
 z - a potion of cancellation {unknown}
 A - a potion of ambrosia {unknown}
 B - a potion of degeneration {unknown}
Comestibles
 c - 10 rations


   Skills:
 + Level 3.8 Fighting
 + Level 2.8 Axes
 * Level 3.1 Throwing
 + Level 2.2 Armour
 + Level 1.8 Dodging
 + Level 3.2 Invocations


You had 5 spell levels left.
You didn't know any spells.
Your spell library contained the following spells:

 Spells                   Type           Power        Failure   Level  Hunger
 Freeze                   Ice            #...         41%         1    ##.....
 Frozen Ramparts          Ice            #.....       78%         3    ####...
 Ozocubu's Armour         Chrm/Ice       #.......     78%         3    ####...
 Hailstorm                Conj/Ice       #.......     99%         4    #####..
 Summon Ice Beast         Ice/Summ       #.......     99%         4    #####..


Dungeon Overview and Level Annotations

Branches:
Dungeon (4/15)             Temple (1/1) D:4

Altars:
Ashenzari
Elyvilon
Fedhas
Gozag
Hepliaklqana
Kikubaaqudgha
Makhleb
Nemelex Xobeh
Okawaru
Qazlal
Trog
Vehumet
Xom
The Shining One

Annotations:
D:2 Sigmund


Innate Abilities, Weirdness & Mutations

You have hooves in place of feet.
Armour fits poorly on your strangely shaped body.
You cover ground very quickly.
You have extremely tough skin. (AC +3)
Scrolls take you a little longer to read.


Message History

You are too injured to fight recklessly!
You are too injured to fight recklessly!
You are too injured to fight recklessly!
You are too injured to fight recklessly!
You barely miss the small abomination.
The small abomination is moderately damaged.
The small abomination hits you!
The small abomination barely misses you.
You barely miss the small abomination.
The small abomination is moderately damaged.
The small abomination barely misses you.
The small abomination closely misses you.
You slash the small abomination! Your kick misses the small abomination.
The small abomination is heavily damaged.
The small abomination closely misses you.
You hit the small abomination.
The small abomination is severely damaged.
The small abomination barely misses you.
The small abomination hits you!!
You die...

#####.#..≈# ≈§§≈≈.##
#........§#####§≈...##
.........§§..≈§≈..).##
#.#....§.≈.§≈§§.....#
#............§...<..+
#............§......#
#...)..#####.......##
# #.#..x.# ##.....##
#.#....@.# ##...##
#........# ##'##
#.......## ####.#
#####.### #....# #.#
#.#.)## #.#
#.#...##### #.#
#.......... #.#
#.....#####
#.########.#..##


You could see a small abomination.

Vanquished Creatures
  2 ogres (D:4)
  Jessica (D:2)
  A hound skeleton (D:4)
  3 adders
  An ooze (D:4)
  3 worms (D:2)
  A dart slug (D:2)
  3 leopard geckos
  2 orcs (D:4)
  A giant cockroach (D:2)
  6 goblins
  9 hobgoblins
  4 jackals (D:2)
  A quokka (D:2)
  6 bats
  8 frilled lizards
  11 kobolds
  A quokka skeleton (D:4)
  10 rats
  A plant (D:1)
75 creatures vanquished.

Vanquished Creatures (others)
  A plant (D:1)
1 creature vanquished.

Grand Total: 76 creatures vanquished

Notes
Turn   | Place    | Note
-------+----------+-------------------------------------------
     0 | Abyss:1  | ANON1729 the Centaur Abyssal Knight began the quest for the
                  | Orb.
     0 | Abyss:1  | Reached XP level 1. HP: 19/19 MP: 2/2
    51 | Abyss:1  | Noticed a spatial vortex
    51 | Abyss:1  | Noticed a spatial vortex
    51 | Abyss:1  | Noticed a spatial vortex
    69 | Abyss:1  | Noticed a small abomination
    97 | Abyss:1  | Noticed a small abomination
   135 | Abyss:2  | Noticed a neqoxec
   146 | Abyss:2  | Gained mutation: Scrolls take you a little longer to read.
                  | [a neqoxec]
   188 | Abyss:2  | Noticed an iron imp
   223 | Abyss:2  | Noticed a small abomination
   227 | Abyss:2  | Noticed an Executioner
   228 | Abyss:2  | Noticed a large abomination
   230 | D:1      | Escaped the Abyss
   520 | D:1      | Reached * piety under Lugonu
   912 | D:1      | Reached XP level 2. HP: 26/26 MP: 3/3
  1132 | D:1      | Reached skill level 1 in Dodging
  1314 | D:1      | Reached skill level 1 in Throwing
  1503 | D:1      | Reached XP level 3. HP: 30/31 MP: 4/4
  1646 | D:1      | Reached ** piety under Lugonu
  1995 | D:2      | Found an iron altar of Okawaru.
  1995 | D:2      | Noticed Jessica
  2005 | D:2      | Killed Jessica
  2426 | D:2      | Reached XP level 4. HP: 27/38 MP: 5/5
  3298 | D:2      | Found an opulent altar of Gozag.
  3783 | D:2      | Noticed Sigmund
  5728 | D:4      | Noticed an ogre
  5752 | D:4      | Found a staircase to the Ecumenical Temple.
  5755 | D:4      | Killed an ogre
  5755 | D:4      | Reached XP level 5. HP: 6/46 MP: 7/7
  5785 | Temple   | Entered the Ecumenical Temple
  6366 | D:2      | Fell from the grace of Lugonu
  6366 | D:2      | Became a worshipper of Warmaster Okawaru
  6723 | D:4      | Found a stormy altar of Qazlal.
  6772 | D:4      | Noticed an ogre
  6780 | D:4      | Killed an ogre
  6780 | D:4      | Reached XP level 6. HP: 12/52 MP: 8/8
  6911 | D:4      | Slain by a small abomination

Illustrated notes

Levels and vault maps discovered:
D:1:      lightli_arrival_noodles, layout_loops_ring, lexackson_kobold_supper
D:2:      layout_loops_corners, old_standard_altar, grunt_gozag_breadcrumbs,
          first_ration, glass_columns_a, uniq_sigmund, uniq_jessica
D:3:      layout_loops_corners
D:4:      layout_loops_corners, nicolae_qazlal_general_emergency,
          grunt_dithmenos_shadows, temple_statues, serial_glass,
          glass_columns_a, glass_columns_b
Temple:   bh_familiar_temple

Skill      XL: |  1  2  3  4  5 |
---------------+----------------+-----
Axes           | 2 |  2.8
Dodging        | 1 |  1.8
Throwing       | 1 2 3 |  3.1
Armour         | 2 |  2.2
Invocations    | 3 |  3.2
Fighting       | |  3.8

Action                   |  1- 3 |  4- 6 || total
-------------------------+-------+-------++-------
Melee: Hand axe          |    88 |   122 ||   210
       Kick              |    14 |    26 ||    40
Throw: Stone             |     6 |       ||     6
       Dart              |       |    39 ||    39
Invok: Depart the Abyss  |     1 |       ||     1
  Use: Potion            |     2 |       ||     2
  Eat: Chunk             |     4 |     9 ||    13
       Ration            |       |     1 ||     1
Armor: Leather armour    |    30 |    37 ||    67
Dodge: Dodged            |    45 |    57 ||   102
